AoeStats
← YUPPI

Arabia

509886892Analyzed
2v2 RM · 4d ago on Sep 28, 2026· 28m 59s· 4 players
Game mode
Random Map
Map size
Medium (4 player)
Population
200
Speed
Normal
Resources
Standard
Victory
Conquest
Starting age
Dark Age
Ending age
Imperial Age
RankedLock teamsTeams togetherTeam positionsShared explorationLock speedFull tech treeHidden civsTurbo modeCheats
Victory
Defeat
🇦🇷 Berbers · Argentina
1095
+12
🇦🇷 Ethiopians · Argentina
1021
+15
🇹🇷 Mongols · Türkiye
1026
-14
🇨🇳 Franks · China
1000
-40
YUPPI
9:33 Feudal Age
10:12 Double-Bit Axe
12:43 Loom
18:55 Castle Age
18:02 Fletching
20:00 Horse Collar
20:33 Bow Saw
20:56 Gold Mining
23:40 Pikeman
27:22 Scale Mail Armor
fvxwbrcnye
11:52 Feudal Age
13:22 Wheelbarrow
12:36 Double-Bit Axe
16:05 Man-at-Arms
KUKA TIRA PIEDRA
6:29 Loom
9:30 Feudal Age
10:09 Double-Bit Axe
10:12 Horse Collar
16:37 Wheelbarrow
17:50 Wheelbarrow
18:18 Gold Mining
18:40 Forging
20:54 Castle Age
19:05 Gold Mining
19:36 Scale Barding Armor
20:11 Bloodlines
22:14 Bow Saw
22:42 Iron Casting
22:13 Heavy Plow
23:37 Husbandry
23:42 Stone Mining
Patovich
8:20 Loom
10:38 Feudal Age
12:37 Double-Bit Axe
13:04 Horse Collar
17:21 Fletching
23:34 Castle Age
25:06 Bow Saw
24:17 Crossbowman
25:04 Thumb Ring
26:57 Bodkin Arrow
Connection lost

Rejoining the realm…

Still unreachable

The connection could not be restored.

Session expired

The server has moved on; the page needs a fresh start.